 Dungeon Crawl Stone Soup version 0.23.2-1-ga50397a6bc (webtiles) character file.

Game seed: 16776784412676504736

8986 Freyura the Nimble (level 11, -14/85 HPs)
             Began as a Gnoll Gladiator on May 16, 2019.
             Was a Believer of Ashenzari.
             Demolished by a death yak (19 damage)
             ... on level 9 of the Dungeon.
             The game lasted 00:25:48 (8732 turns).

Freyura the Nimble (Gnoll Gladiator)                Turns: 8732, Time: 00:25:49

Health: -14/85     AC: 14    Str: 23    XL:     11   Next: 39%
Magic:  20/20      EV: 14    Int: 13    God:    Ashenzari [**....]
Gold:   171        SH:  0    Dex: 20    Spells: 22/22 levels left

rFire    x . .     SeeInvis .   l - +6 quarterstaff (crush) (curse)
rCold    . . .     Gourm    .   (shield currently unavailable)
rNeg     + . .     Faith    .   u - +1 chain mail of Azotere {rPois rF- rN+ Str+2}
rPois    +         Spirit   .   c - +2 helmet (curse)
rElec    .         Reflect  .   (no cloak)
rCorr    .         Harm     .   (no gloves)
MR       .....                  (no boots)
Stlth    +.........             (no amulet)
HPRegen  0.24/turn              (no ring)
MPRegen  0.17/turn              (no ring)

@: mighty
A: distributed training, fangs 1, talons 1, blurry vision 1, clever 1, strong
nose
a: Curse Item, Scrying, Renounce Religion


You were on level 9 of the Dungeon.
You worshipped Ashenzari.
Ashenzari was pleased with you.
You were hungry.

You visited 2 branches of the dungeon, and saw 10 of its levels.
You also visited: Ossuary.

You collected 447 gold pieces.
You spent 276 gold pieces at shops.

Inventory:

Hand Weapons
 l - a cursed +6 quarterstaff of crushing (weapon)
 A - a +0 lajatang
Armour
 c - a cursed +2 helmet (worn)
 u - the +1 chain mail of Azotere (worn) {rPois rF- rN+ Str+2}
   (You bought it in a shop on level 5 of the Dungeon)

   It affects your strength (+2).
   It makes you vulnerable to fire.
   It protects you from poison.
   It protects you from negative energy.
Jewellery
 h - a cursed amulet of rage
 v - an uncursed ring of magical power
Wands
 o - a wand of acid (7)
 q - a wand of random effects (10)
 x - a wand of digging (4)
 y - a wand of disintegration (8)
Scrolls
 a - a scroll of fog
 b - a scroll of fear
 i - a scroll of amnesia
 j - a scroll of immolation
 m - a scroll of identify
 n - 2 scrolls of teleportation
 p - 4 scrolls of remove curse
Potions
 d - 4 potions of brilliance
 e - a potion of resistance
 g - 9 potions of curing
 k - a potion of might
 s - 3 potions of flight
 t - 4 potions of lignification
 z - a potion of haste {unknown}
Comestibles
 f - 10 rations


   Skills:
 + Level 7.7 Fighting
 + Level 6.1 Short Blades
 + Level 6.1 Long Blades
 + Level 6.1 Axes
 + Level 6.1 Maces & Flails
 + Level 6.1 Polearms
 + Level 9.1(12.0) Staves
 + Level 6.1 Slings
 + Level 6.1 Bows
 + Level 6.1 Crossbows
 + Level 7.7 Throwing
 + Level 6.1 Armour
 + Level 9.1 Dodging
 + Level 6.1 Stealth
 + Level 6.1 Shields
 + Level 6.1 Unarmed Combat
 + Level 6.1 Spellcasting
 + Level 5.1 Conjurations
 + Level 5.1 Hexes
 + Level 5.1 Charms
 + Level 5.1 Summonings
 + Level 5.1 Necromancy
 + Level 5.1 Translocations
 + Level 5.1 Transmutations
 + Level 5.1 Fire Magic
 + Level 5.1 Ice Magic
 + Level 5.1 Air Magic
 + Level 5.1 Earth Magic
 + Level 5.1 Poison Magic
 + Level 6.7 Invocations
 + Level 6.1 Evocations


You had 22 spell levels left.
You didn't know any spells.
Your spell library was empty.

Dungeon Overview and Level Annotations

Branches:
Dungeon (9/15)             Temple (1/1) D:4
   Lair: D:8-11         Orc: D:9-12

Altars:
Ashenzari
Cheibriados
Dithmenos
Elyvilon
Fedhas
Gozag
Hepliaklqana
Kikubaaqudgha
Makhleb
Nemelex Xobeh
Okawaru
Qazlal
Ru
Sif Muna
Trog
Uskayaw
Vehumet
Wu Jian
Xom
Yredelemnul
Zin
The Shining One

Shops:
D:5 *

Annotations:
D:3 3 runed translucent doors, Flugkiller's ghost, amateur KoGl; das's ghost, weakling FeEn; grerr's ghost, amateur DsAK
D:9 1 runed translucent door, Mrkan's ghost, novice TrMo


Innate Abilities, Weirdness & Mutations

Your experience applies equally to all skills.
You have very sharp teeth.
Your uncanny sense of smell can sniff out nearby items.
You have sharp toenails.
Scrolls take you a little longer to read.
Your mind is acute. (Int +2)


Message History

You hit the death yak. You claw the death yak.
The death yak is lightly wounded.
The death yak gores you.
Your chain mail of Azotere prevents you from hitting the death yak.
The death yak is lightly wounded.
The death yak gores you!
* * * LOW HITPOINT WARNING * * *
You thump the death yak! You claw the death yak. You bite the death yak!
The death yak is heavily wounded.
You sock the death yak! You claw the death yak.
The death yak is almost dead.
The death yak gores you!
* * * LOW HITPOINT WARNING * * *
You sock the death yak!
You kill the death yak!
You barely miss the death yak. You thump the death yak! You claw the death yak!
The death yak is moderately wounded.
The death yak gores you!!
You die...

#.............#.##...........
#.....[.#..##.#.#######...##.
#.......#..##.#.# #...##. *
###.....>..##.#.# *#..)###
*########.##.#.# #.....#
..............# #.....# *
.#.#####.##.### #...#.# ,
...#####.###### #..##># *
,......Y@<.....# #.. .#
,......###.###.# #.. .# ,
,,.#... * .# , #.. ,.# , *
..#. **.#, , .#. .# * , , ..
, ,, .# * . *.., * , ,, ** **
* , * **


You could see a death yak.

Vanquished Creatures
  6 death yaks (D:9)
  Joseph (D:7)
  A troll (D:9)
  A hornet (D:9)
  2 hippogriffs (D:7)
  3 yaks (D:9)
  A hungry ghost (D:9)
  Menkaure (D:7)
  2 sky beasts
  An orc warrior (D:8)
  4 ice beasts
  A black bear (D:9)
  An ogre (D:3)
  5 centaurs
  2 phantoms
  4 big kobolds
  9 bullfrogs
  A scorpion (D:4)
  4 howler monkeys
  3 crimson imps
  A centaur zombie (D:5)
  3 hounds
  2 jellies
  A centaur skeleton (D:9)
  3 orc priests
  2 quasits (D:8)
  A bullfrog skeleton (D:9)
  2 orc wizards
  5 iguanas
  5 worker ants
  4 big kobold zombies (Ossuary)
  A hound zombie (D:7)
  2 hound skeletons (D:6)
  2 mummies (Ossuary)
  A gnoll (D:6)
  13 adders
  An ooze (D:3)
  3 adder zombies
  An adder skeleton (D:2)
  3 worms
  A dart slug (D:1)
  4 leopard geckos
  22 orcs
  2 ball pythons
  3 giant cockroaches
  5 goblins
  5 hobgoblins
  11 jackals
  25 kobolds
  3 quokkas
  8 bats
  4 frilled lizards
  2 gnoll zombies (Ossuary)
  4 hobgoblin zombies (Ossuary)
  2 jackal skeletons
  7 kobold zombies (Ossuary)
  A leopard gecko skeleton (D:8)
  A leopard gecko zombie (D:6)
  5 orc zombies (Ossuary)
  A quokka skeleton (D:6)
  4 rats
229 creatures vanquished.

Notes
Turn   | Place    | Note
-------+----------+-------------------------------------------
     0 | D:1      | Freyura the Gnoll Gladiator began the quest for the Orb.
     0 | D:1      | Reached XP level 1. HP: 20/20 MP: 1/1
   147 | D:1      | Reached XP level 2. HP: 26/26 MP: 2/2
   947 | D:1      | Reached XP level 3. HP: 26/31 MP: 3/3
  1276 | D:2      | Reached skill level 1 in Invocations
  1396 | D:2      | Reached skill level 1 in Short Blades
  1396 | D:2      | Reached skill level 1 in Long Blades
  1396 | D:2      | Reached skill level 1 in Axes
  1396 | D:2      | Reached skill level 1 in Maces & Flails
  1396 | D:2      | Reached skill level 1 in Polearms
  1396 | D:2      | Reached skill level 1 in Slings
  1396 | D:2      | Reached skill level 1 in Bows
  1396 | D:2      | Reached skill level 1 in Crossbows
  1396 | D:2      | Reached skill level 1 in Armour
  1396 | D:2      | Reached skill level 1 in Stealth
  1396 | D:2      | Reached skill level 1 in Shields
  1396 | D:2      | Reached skill level 1 in Unarmed Combat
  1396 | D:2      | Reached skill level 1 in Spellcasting
  1396 | D:2      | Reached skill level 1 in Evocations
  1791 | D:2      | Reached XP level 4. HP: 38/38 MP: 5/5
  2026 | D:3      | Gained mutation: Scrolls take you a little longer to read.
                  | [potion of mutation]
  2026 | D:3      | Gained mutation: Your mind is acute. (Int +2) [potion of
                  | mutation]
  2026 | D:3      | Gained mutation: You have sharp toenails. [potion of
                  | mutation]
  2334 | D:3      | Reached skill level 1 in Conjurations
  2334 | D:3      | Reached skill level 1 in Hexes
  2334 | D:3      | Reached skill level 1 in Charms
  2334 | D:3      | Reached skill level 1 in Summonings
  2334 | D:3      | Reached skill level 1 in Necromancy
  2334 | D:3      | Reached skill level 1 in Translocations
  2334 | D:3      | Reached skill level 1 in Transmutations
  2334 | D:3      | Reached skill level 1 in Fire Magic
  2334 | D:3      | Reached skill level 1 in Ice Magic
  2334 | D:3      | Reached skill level 1 in Air Magic
  2334 | D:3      | Reached skill level 1 in Earth Magic
  2334 | D:3      | Reached skill level 1 in Poison Magic
  2342 | D:3      | Reached XP level 5. HP: 37/43 MP: 5/7
  2381 | D:3      | Noticed grerr's ghost (amateur DsAK)
  2381 | D:3      | Noticed das's ghost (weakling FeEn)
  2382 | D:3      | Found a runed translucent gate.
  2382 | D:3      | Found a runed translucent gate.
  2382 | D:3      | Found a runed translucent gate.
  2382 | D:3      | Noticed Flugkiller's ghost (amateur KoGl)
  3095 | D:4      | Noticed an ogre
  3100 | D:3      | Killed an ogre
  3100 | D:3      | Reached XP level 6. HP: 50/50 MP: 8/8
  3161 | D:4      | Noticed a blizzard demon
  3162 | D:4      | Found a burning altar of Makhleb.
  3165 | D:4      | Found a glowing silver altar of Zin.
  3165 | D:4      | Noticed an angel
  3186 | D:4      | Found a stormy altar of Qazlal.
  3199 | D:4      | Found a sand-covered staircase.
  3207 | Ossuary  | Entered an ossuary
  3283 | Ossuary  | Reached skill level 5 in Fighting
  3283 | Ossuary  | Reached skill level 5 in Throwing
  3698 | D:4      | Reached XP level 7. HP: 54/56 MP: 10/10
  4075 | D:4      | Found a staircase to the Ecumenical Temple.
  4083 | Temple   | Entered the Ecumenical Temple
  4126 | Temple   | Became a worshipper of Ashenzari the Shackled
  4558 | D:5      | Entered Level 5 of the Dungeon
  5015 | D:5      | Found Bailuthru's Assorted Antiques.
  5023 | D:5      | Reached XP level 8. HP: 56/63 MP: 12/12
  5056 | D:5      | Bought a scroll labeled WOUWNE TEUMEXT for 24 gold pieces
  5056 | D:5      | Bought a scroll labeled HOZUPA LEFF for 24 gold pieces
  5943 | D:6      | Reached * piety under Ashenzari
  6052 | D:6      | Reached XP level 9. HP: 69/69 MP: 14/14
  6436 | D:5      | Bought a dazzling chain mail for 228 gold pieces
  6436 | D:5      | Identified the +1 chain mail of Azotere {rPois rF- rN+
                  | Str+2} (You bought it in a shop on level 5 of the Dungeon)
  6597 | D:7      | Noticed Menkaure
  6600 | D:7      | Killed Menkaure
  6990 | D:7      | Found a white marble altar of Elyvilon.
  7034 | D:7      | Noticed Joseph
  7048 | D:7      | Killed Joseph
  7048 | D:7      | Reached skill level 5 in Invocations
  7229 | D:7      | Found a sacrificial altar of Ru.
  7315 | D:8      | Reached XP level 10. HP: 61/77 MP: 15/17
  7473 | D:8      | Identified a scroll of acquirement
  7578 | D:8      | Reached ** piety under Ashenzari
  7651 | D:8      | Found an ancient bone altar of Kikubaaqudgha.
  7883 | D:8      | Reached skill level 5 in Short Blades
  7883 | D:8      | Reached skill level 5 in Long Blades
  7883 | D:8      | Reached skill level 5 in Axes
  7883 | D:8      | Reached skill level 5 in Maces & Flails
  7883 | D:8      | Reached skill level 5 in Polearms
  7883 | D:8      | Reached skill level 5 in Slings
  7883 | D:8      | Reached skill level 5 in Bows
  7883 | D:8      | Reached skill level 5 in Crossbows
  7883 | D:8      | Reached skill level 5 in Armour
  7883 | D:8      | Reached skill level 5 in Stealth
  7883 | D:8      | Reached skill level 5 in Shields
  7883 | D:8      | Reached skill level 5 in Unarmed Combat
  7883 | D:8      | Reached skill level 5 in Spellcasting
  7883 | D:8      | Reached skill level 5 in Evocations
  8396 | D:9      | Found a runed translucent door.
  8396 | D:9      | Noticed Mrkan's ghost (novice TrMo)
  8702 | D:9      | Noticed a death yak
  8702 | D:9      | Noticed a death yak
  8702 | D:9      | Noticed a death yak
  8702 | D:9      | Noticed a death yak
  8702 | D:9      | Noticed a death yak
  8704 | D:9      | Noticed a death yak
  8705 | D:9      | Noticed a death yak
  8710 | D:9      | Killed a death yak
  8713 | D:9      | Killed a death yak
  8713 | D:9      | Reached XP level 11. HP: 66/84 MP: 19/19
  8717 | D:9      | Killed a death yak
  8721 | D:9      | Killed a death yak
  8724 | D:9      | Killed a death yak
  8724 | D:9      | Reached skill level 5 in Conjurations
  8724 | D:9      | Reached skill level 5 in Hexes
  8724 | D:9      | Reached skill level 5 in Charms
  8724 | D:9      | Reached skill level 5 in Summonings
  8724 | D:9      | Reached skill level 5 in Necromancy
  8724 | D:9      | Reached skill level 5 in Translocations
  8724 | D:9      | Reached skill level 5 in Transmutations
  8724 | D:9      | Reached skill level 5 in Fire Magic
  8724 | D:9      | Reached skill level 5 in Ice Magic
  8724 | D:9      | Reached skill level 5 in Air Magic
  8724 | D:9      | Reached skill level 5 in Earth Magic
  8724 | D:9      | Reached skill level 5 in Poison Magic
  8730 | D:9      | Killed a death yak
  8732 | D:9      | Demolished by a death yak

Skill      XL: |  1  2  3  4  5  6  7  8  9 10 11 |
---------------+----------------------------------+-----
Invocations    | 1 2 3 4 5 6 |  6.7
Short Blades   | 1 2 3 4 5 6 |  6.1
Long Blades    | 1 2 3 4 5 6 |  6.1
Axes           | 1 2 3 4 5 6 |  6.1
Maces & Flails | 1 2 3 4 5 6 |  6.1
Polearms       | 1 2 3 4 5 6 |  6.1
Slings         | 1 2 3 4 5 6 |  6.1
Bows           | 1 2 3 4 5 6 |  6.1
Crossbows      | 1 2 3 4 5 6 |  6.1
Armour         | 1 2 3 4 5 6 |  6.1
Stealth        | 1 2 3 4 5 6 |  6.1
Shields        | 1 2 3 4 5 6 |  6.1
Unarmed Combat | 1 2 3 4 5 6 |  6.1
Spellcasting   | 1 2 3 4 5 6 |  6.1
Evocations     | 1 2 3 4 5 6 |  6.1
Conjurations   | 1 2 3 4 5 |  5.1
Hexes          | 1 2 3 4 5 |  5.1
Charms         | 1 2 3 4 5 |  5.1
Summonings     | 1 2 3 4 5 |  5.1
Necromancy     | 1 2 3 4 5 |  5.1
Translocations | 1 2 3 4 5 |  5.1
Transmutations | 1 2 3 4 5 |  5.1
Fire Magic     | 1 2 3 4 5 |  5.1
Ice Magic      | 1 2 3 4 5 |  5.1
Air Magic      | 1 2 3 4 5 |  5.1
Earth Magic    | 1 2 3 4 5 |  5.1
Poison Magic   | 1 2 3 4 5 |  5.1
Fighting       | 5 6 7 |  7.7
Throwing       | 5 6 7 |  7.7
Staves         | 7 8 9 |  9.1
Dodging        | 7 8 9 |  9.1

Action                   |  1- 3 |  4- 6 |  7- 9 | 10-12 || total
-------------------------+-------+-------+-------+-------++-------
Melee: Quarterstaff      |    87 |   161 |   290 |   154 ||   692
       Bite              |    11 |    21 |    30 |    24 ||    86
       Kick              |       |    59 |   104 |    60 ||   223
Invok: Curse Item        |       |       |     3 |       ||     3
  Use: Potion            |       |     2 |     5 |     1 ||     8
       Scroll            |       |       |    16 |     6 ||    22
 Stab: Sleeping          |     6 |     3 |     7 |       ||    16
       Distracted        |       |       |     1 |       ||     1
  Eat: Chunk             |     1 |     3 |     4 |     2 ||    10
       Ration            |     1 |     1 |     2 |     1 ||     5
Armor: Leather armour    |    12 |    28 |    30 |       ||    70
       Chain mail        |       |       |    45 |    55 ||   100
Dodge: Dodged            |    58 |   174 |   225 |    78 ||   535
